cohdb
Replays
Latest Replays
All Replays
Popular Replays
Top Player Replays
Match Explorer
How It Works
Community
CoH3 Stats
Reddit
Sign in to upload your games and track your stats! →
Sign in with Steam
Match 43932853
Unlisted
Match 43932853
Overview
Messages
Build Orders
End
Panzergrenadier Squad
Selects Panzerjäger Kommand Battlegroup
Selects Mine Fields
Panzergrenadier Squad
Construct Light Support Kompanie
Panzerjäger Squad
Fire Support Elements
Veteran Squad Leaders
Flakvierling Half-track
Selects Tank Busters
Panzerjäger Mechanized Group
Selects Early Warning
Panzergrenadier Squad
Vehicle Survival Package
Construct Panzerarmee Kommand
Panzerjäger Squad
Panzerjäger Mechanized Group
Walking Stuka Rocket Launcher
Bosman
cannot compute
Guy Who Smoked Crack With Obama
6w6
Beze
diritar
UCAGC
downward horrendous
0
0
Comments
sign in to comment!
No comments posted yet!